 Dungeon Crawl Stone Soup version 0.30.1-4-g462c640d31 (webtiles) character file.

Game seed: 17920817984714604191

164 Wiggles the Chopper (level 5, -4/45 HPs)
             Began as a Minotaur Berserker on Aug 15, 2023.
             Was a Believer of Trog.
             Slain by a gnoll sergeant
             ... wielding the +5 woodcutter's axe
              (9 damage)
             ... on level 3 of the Dungeon.
             The game lasted 00:03:47 (1731 turns).

Wiggles the Chopper (Minotaur Berserker)            Turns: 1731, Time: 00:03:48

Health: -4/45      AC:  6    Str: 23    XL:     5   Next: 21%
Magic:  4/4        EV: 10    Int:  4    God:    Trog [**....]
Gold:   188        SH:  0    Dex: 10    Spells: 4/4 levels left

rFire   . . .        g - +1 battleaxe (drain)
rCold   . . .        (shield currently unavailable)
rNeg    . . .        k - +0 scale mail
rPois   .            (helmet restricted)
rElec   .            (no cloak)
rCorr   .            (no gloves)
SInv    .            (no boots)
Will    .....        (no amulet) Stlth
                     (no ring)
HPRegen 0.27/turn    (no ring)
MPRegen 0.09/turn

%: no passive effects
@: on berserk cooldown, slowed, very slow
A: horns 2, retaliatory headbutt
a: Renounce Religion, Berserk, Trog's Hand


You were on level 3 of the Dungeon.
You worshipped Trog.
Trog was pleased with you.
You visited 1 branch of the dungeon, and saw 3 of its levels.

You collected 188 gold pieces.

Inventory:

Hand Weapons
 a - a +0 hand axe
 g - a +1 battleaxe of draining (weapon)
 s - the +7 hand axe "Hariz" {freeze, Str+3}
   (You took it off a kobold on level 3 of the Dungeon)

   Str:       It affects your strength (+3).
Armour
 k - a +0 scale mail (worn)
Jewellery
 q - a ring of ice
Scrolls
 b - a scroll of summoning {unknown}
 c - a scroll of enchant weapon {unknown}
 d - 2 scrolls of teleportation {unknown}
 e - a scroll of immolation {unknown}
 l - 2 scrolls of identify {unknown}
 m - a scroll of poison {unknown}
 n - a scroll of enchant armour {unknown}
 o - a scroll of fear {unknown}
 r - a scroll of blinking {unknown}
Potions
 f - a potion of heal wounds {unknown}
 h - a potion of brilliance {unknown}
 i - a potion of magic {unknown}
 j - a potion of attraction {unknown}
 p - 2 potions of berserk rage {unknown}


   Skills:
 - Level 3.6 Fighting
 + Level 7.1 Axes
 - Level 2.4 Armour
 - Level 2.1 Dodging
 + Level 0.2 Stealth


You had 4 spell levels left.
You didn't know any spells.
Your spell library was empty.

Dungeon Overview and Level Annotations

Branches:
Dungeon (3/15)

Altars:

Shops:
D:1 =


Innate Abilities, Weirdness & Mutations

You have a pair of horns on your head.
You reflexively headbutt those who attack you in melee.


Message History

The gnoll attacks as you move away! The gnoll barely misses you.
You furiously retaliate!
You headbutt the gnoll! The gnoll barely misses you. x2
A red film seems to cover your vision as you go berserk!
You feel yourself moving faster!
You feel mighty!
The gnoll shouts!
The gnoll closely misses you.
The gnoll hits you from afar with a +0 spear.
* * * LOW HITPOINT WARNING * * *
You feel a strong urge to attack something.
You slash the gnoll!
You kill the gnoll!
Trog accepts your kill.
You hit the gnoll. You drain the gnoll.
You kill the gnoll!
Trog accepts your kill.
You have reached level 5!
You closely miss the gnoll. The gnoll hits you with a +0 flail.
* * * LOW HITPOINT WARNING * * *
You slash the gnoll!
The gnoll is severely wounded.
The gnoll hits you with a +0 flail.
* * * LOW HITPOINT WARNING * * *
You slash the gnoll!
You kill the gnoll!
Trog accepts your kill. The gnoll closely misses you.
Your Axes skill increases to level 7!
The gnoll barely misses you.
Items here: ))) ††.
You slash the gnoll!
You kill the gnoll!
Trog accepts your kill.
You are no longer berserk.
You are exhausted.
You feel yourself slow down.
A gnoll sergeant comes into view. It is wielding the +5 woodcutter's axe.
You see here a +0 spear.
Items here: ))) ††.
The gnoll sergeant hits you with the +5 woodcutter's axe!
You die...

#.####### .##
♣♣♣♣ ## ...♣
#..♣♣ # .
#..).♣♣♣ #
..#.♣...)♣♣### #
..'....))g...# #
..#..♣..)♣♣#g# ##
..#....♣♣♣ #@# .#
#..♣♣ #.# .# ..)♣
####.# .# ♣♣♣♣
#...##
.#############.##
#...#......†...#
.#.#..#.########
.#.##.#.#
........#


You could see a gnoll sergeant.

Vanquished Creatures
  A hound (D:3)
  5 gnolls (D:3)
  3 adders
  3 bats
  9 endoplasms
  5 giant cockroaches
  4 goblins
  6 hobgoblins
  6 kobolds
  3 quokkas
  4 ball pythons (D:2)
  2 frilled lizards
  7 rats
58 creatures vanquished.

Notes
Turn   | Place    | Note
-------+----------+-------------------------------------------
     0 | D:1      | Wiggles the Minotaur Berserker began the quest for the Orb.
     0 | D:1      | Reached XP level 1. HP: 19/19 MP: 0/0
     7 | D:1      | Found Wuuppima's Jewellery Shop.
    15 | D:1      | Reached skill level 4 in Axes
   224 | D:1      | Reached XP level 2. HP: 26/26 MP: 1/1
   893 | D:2      | Reached skill level 5 in Axes
   893 | D:2      | Reached XP level 3. HP: 31/31 MP: 2/2
  1002 | D:2      | Reached ** piety under Trog
  1193 | D:2      | Found a faded altar of an unknown god.
  1501 | D:2      | Reached XP level 4. HP: 39/39 MP: 3/3
  1509 | D:3      | Reached skill level 6 in Axes
  1688 | D:3      | Identified the +7 hand axe "Hariz" {freeze, Str+3}
  1717 | D:3      | Reached XP level 5. HP: 7/45 MP: 4/4
  1717 | D:3      | HP: 2/67 [gnoll/+0 flail (5)]
  1720 | D:3      | Reached skill level 7 in Axes
  1731 | D:3      | Slain by a gnoll sergeant

Illustrated notes

Levels and vault maps discovered:
D:1:      eino_arrival_water_star, layout_basic, serial_shops, shop
D:2:      minmay_inner_zag, layout_basic, chequers_ecumenical_altar_island
D:3:      layout_loops_cross, pf_guarded_unrand_woodcutter

Skill      XL: |  1  2  3  4  5 |
---------------+----------------+-----
Axes           | 4 5 6 7 |  7.1
Fighting       | |  3.6
Armour         | |  2.4
Dodging        | |  2.1
Stealth        | |  0.2

Action                     |  1- 3 |  4- 6 || total
---------------------------+-------+-------++-------
  Melee: Hand axe          |    69 |       ||    69
         Headbutt          |    15 |     1 ||    16
         Punch             |     2 |       ||     2
         Battleaxe         |    16 |    21 ||    37
 Invoke: Berserk           |       |     1 ||     1
 Armour: Animal skin       |     6 |       ||     6
         Leather armour    |     1 |       ||     1
         Scale mail        |    18 |    11 ||    29
  Dodge: Dodged            |    49 |    17 ||    66
